AoeStats
← Erick14mar

African Clearing

506949816Analyzed
2v2 RM · 18d ago on Sep 15, 2026· 46m 52s· 4 players
Game mode
Random Map
Map size
Medium (4 player)
Population
200
Speed
Normal
Resources
Standard
Victory
Conquest
Starting age
Dark Age
Ending age
Imperial Age
RankedLock teamsTeams togetherTeam positionsShared explorationLock speedFull tech treeHidden civsTurbo modeCheats
Victory
Defeat
🇲🇽 Aztecs · Mexico
1337
+17
🇵🇪 Goths · Peru
1321
+17
🇬🇧 Tatars · United Kingdom
1382
-18
🇬🇧 Shu · United Kingdom
1327
-16
Jonny Nuevo México
4:03 Loom
6:20 Loom
14:08 Feudal Age
18:08 Castle Age
16:06 Double-Bit Axe
16:29 Horse Collar
19:17 Bow Saw
19:10 Heavy Plow
22:08 Scale Mail Armor
23:43 Chain Mail Armor
22:54 Eagle Warrior
24:37 Squires
27:11 Chain Mail Armor
29:50 Wheelbarrow
29:58 Forging
31:01 Gambesons
31:01 Arson
35:13 Imperial Age
33:02 Gambesons
33:03 Arson
35:10 Iron Casting
34:54 Hand Cart
34:25 Town Watch
35:57 Onager
37:38 Plate Mail Armor
39:02 Blast Furnace
39:04 Conscription
40:16 Garland Wars
40:52 Town Patrol
41:11 Elite Jaguar Warrior
43:34 Elite Eagle Warrior
Erick14mar
10:25 Loom
12:34 Feudal Age
17:40 Castle Age
16:55 Man-at-Arms
17:53 Scale Mail Armor
30:33 Fletching
32:40 Bodkin Arrow
35:26 Horse Collar
39:41 Imperial Age
39:10 Forging
39:16 Chain Mail Armor
39:01 Padded Archer Armor
39:07 Scale Barding Armor
40:44 Iron Casting
40:38 Bracer
40:29 Double-Bit Axe
40:42 Pikeman
41:22 Squires
40:43 Long Swordsman
41:13 Halberdier
42:35 Conscription
42:20 Two-Handed Swordsman
47:35 Blast Furnace
46:51 Leather Archer Armor
46:47 Champion
deadshot
6:09 Loom
13:22 Feudal Age
17:07 Castle Age
15:04 Double-Bit Axe
16:57 Gold Mining
18:05 Bow Saw
19:06 Horse Collar
24:31 Town Watch
25:50 Town Watch
46:32 Fletching
47:11 Bodkin Arrow
[M]Mafia
9:15 Loom
12:06 Feudal Age
16:45 Castle Age
14:53 Double-Bit Axe
16:08 Horse Collar
17:27 Horse Collar
18:48 Wheelbarrow
24:37 Scale Mail Armor
28:30 Heavy Plow
30:24 Forging
33:08 Imperial Age
31:40 Hand Cart
31:35 Gold Mining
32:59 Chain Mail Armor
34:29 Plate Mail Armor
33:38 Elite White Feather Guard
36:23 Coiled Serpent Array
36:44 Conscription
39:58 Fletching
40:09 Padded Archer Armor
40:40 Crossbowman
41:24 Bodkin Arrow
41:37 Thumb Ring
41:10 Arbalester
43:57 Bracer
46:52 Chemistry
46:13 Ballistics
Connection lost

Rejoining the realm…

Still unreachable

The connection could not be restored.

Session expired

The server has moved on; the page needs a fresh start.